 Dungeon Crawl Stone Soup version 0.21.1-1-g345015fe64 (webtiles) character file.

513 Gargoyl the Skirmisher (level 7, 0/59 HPs)
             Began as a Centaur Abyssal Knight on Feb 19, 2018.
             Was a Believer of Lugonu.
             Slain by an orc priest
             ... wielding a +0 club
              (2 damage)
             ... on level 3 of the Dungeon.
             The game lasted 00:06:39 (3817 turns).

Gargoyl the Skirmisher (Centaur Abyssal Knight)     Turns: 3817, Time: 00:06:40

Health: 0/59       AC:  8    Str: 15    XL:     7   Next: 0%
Magic:  9/9        EV: 10    Int: 11    God:    Lugonu [**....]
Gold:   156        SH:  0    Dex: 15    Spells: 6/6 levels left

rFire    + . .     SeeInvis .   a - +1 hand axe
rCold    . . .     Gourm    .   (no shield)
rNeg     . . .     Faith    .   e - +0 chain mail
rPois    .         Spirit   .   (helmet restricted)
rElec    .         Reflect  .   (no cloak)
rCorr    .         Harm     .   (no gloves)
MR       .....                  (no barding)
Stlth    ..........             (no amulet)
HPRegen  0.19/turn              l - ring of flight
MPRegen  0.11/turn              (no ring)

@: agile, very slightly contaminated, hasted, invisible, very quick
A: large, hooves 3, horns 1, deformed body, fire resistance 1, speed 2, tough
skin 3, MP-powered wands
a: Depart the Abyss, Bend Space, Renounce Religion, Evoke Flight


You were on level 3 of the Dungeon.
You worshipped Lugonu.
Lugonu was pleased with you.
You were not hungry.

You visited 1 branch of the dungeon, and saw 4 of its levels.
You visited the Abyss 1 time.

You collected 156 gold pieces.

Inventory:

Hand Weapons
 a - a +1 hand axe (weapon)
Missiles
 d - 2 javelins (quivered)
Armour
 e - a +0 chain mail (worn)
 o - a +0 helmet
Jewellery
 l - a ring of flight (left hand)
Scrolls
 f - a scroll of teleportation
 g - 2 scrolls of identify
 m - a scroll of remove curse
Potions
 b - a potion of haste
 i - a potion of invisibility
Comestibles
 c - 2 rations
 j - a chunk of flesh


   Skills:
 + Level 4.0 Fighting
 + Level 3.5 Axes
 + Level 0.4 Throwing
 * Level 3.9 Armour
 + Level 1.3 Dodging
 * Level 3.4 Invocations


You had 6 spell levels left.
You didn't know any spells.

Dungeon Overview and Level Annotations

Branches:
Dungeon (4/15)
 Temple: D:4-7

Altars:
Nemelex Xobeh
Uskayaw
Xom
Zin


Innate Abilities, Weirdness & Mutations

You have hooves in place of feet.
Armour fits poorly on your strangely shaped body.
You cover ground very quickly.
You have extremely tough skin. (AC +3)
You have a pair of small horns on your head.
Your flesh is heat resistant. (rF+)
You expend magic power (3 MP) to strengthen your wands.


Message History

The orc priest hits you but does no damage.
You hit the orc priest but do no damage.
Your kick misses the orc priest.
The orc priest is severely wounded.
You hit the kobold.
The howler monkey howls!
The kobold completely misses you.
It was a potion of agility.
You feel agile all of a sudden.
The howler monkey howls!
The howler monkey howls!
Unknown command.
You hit the kobold.
You kill the kobold!
Lugonu accepts your kill.
You have reached level 7!
The howler monkey howls!
You hear a shout!
The howler monkey howls!
The orc priest hits you with a club.
You die...

..........# ...
..........# ..
..........# ..........#
..........# ..........#
..........#
..........###.#
.......@..'...#
.......o..##############
#....5)..####...........
#...h....'..............
#..r......###...........
.....####'# ##...#'#####
..... .... ###.#.# .....
#._.## #.#.# .... .....
#.#.#


You could see a howler monkey (wandering), an orc priest, a crimson imp and a
rat.

Vanquished Creatures
  The ghost of FortKnight the Ruffian, a novice TrBe of Trog (D:3)
  Robin (D:3)
  7 adders
  2 worms (D:2)
  3 dart slugs (D:1)
  A leopard gecko (D:2)
  7 orcs (D:3)
  7 bats
  3 giant cockroaches
  12 goblins
  7 hobgoblins
  11 jackals
  A quokka (D:3)
  2 ball pythons (D:3)
  A frilled lizard (D:3)
  5 kobolds
  A quokka skeleton (D:2)
  7 rats
79 creatures vanquished.

Notes
Turn   | Place    | Note
-------+----------+-------------------------------------------
     0 | Abyss:1  | Gargoyl the Centaur Abyssal Knight began the quest for the Orb.
     0 | Abyss:1  | Reached XP level 1. HP: 19/19 MP: 2/2
    11 | Abyss:1  | Gained mutation: Your flesh is heat resistant. (rF+) [potion of mutation]
    11 | Abyss:1  | Gained mutation: You expend magic power (3 MP) to strengthen your wands. [potion of mutation]
    11 | Abyss:1  | Gained mutation: You have a pair of small horns on your head. [potion of mutation]
    44 | Abyss:1  | Noticed a quasit
    44 | Abyss:1  | Noticed a smoke demon
   113 | Abyss:1  | Noticed a raiju
   114 | D:1      | Escaped the Abyss
   184 | D:1      | Reached * piety under Lugonu
   321 | D:1      | Reached XP level 2. HP: 26/26 MP: 3/3
   794 | D:1      | Reached XP level 3. HP: 31/31 MP: 4/4
  1311 | D:2      | Reached skill level 1 in Dodging
  1311 | D:2      | Reached XP level 4. HP: 19/39 MP: 5/5
  1314 | D:2      | Reached ** piety under Lugonu
  1746 | D:2      | Found a glowing silver altar of Zin.
  1746 | D:2      | Found a sparkling altar of Nemelex Xobeh.
  1747 | D:2      | Found a hide-covered altar of Uskayaw.
  2707 | D:3      | Noticed Robin
  2713 | D:3      | Reached XP level 5. HP: 40/45 MP: 5/7
  2715 | D:3      | Killed Robin
  2813 | D:3      | Noticed FortKnight's ghost (novice TrBe)
  3233 | D:3      | Killed FortKnight's ghost
  3233 | D:3      | Reached skill level 4 in Fighting
  3233 | D:3      | Reached XP level 6. HP: 12/52 MP: 8/8
  3802 | D:3      | Found a shimmering altar of Xom.
  3811 | D:3      | HP: 1/52 [orc priest/divine providence (12)]
  3816 | D:3      | Reached XP level 7. HP: 2/59 MP: 9/9
  3817 | D:3      | Slain by an orc priest

Skill      XL: |  1  2  3  4  5 |
---------------+----------------+-----
Armour         | 2 3 |  3.9
Axes           | 2 3 |  3.5
Dodging        | 1 |  1.3
Fighting       | 4 |  4.0
Invocations    | 3 |  3.4
Throwing       | |  0.4

Action                   |  1- 3 |  4- 6 |  7- 9 || total
-------------------------+-------+-------+-------++-------
Melee: Hand axe          |    88 |   126 |       ||   214
       Headbutt          |     9 |    11 |       ||    20
       Kick              |    11 |    26 |       ||    37
Throw: Javelin           |     2 |     2 |       ||     4
Invok: Depart the Abyss  |     1 |       |       ||     1
  Use: Scroll            |     4 |     3 |       ||     7
       Potion            |     1 |     6 |       ||     7
  Eat: Chunk             |       |     5 |       ||     5
       Ration            |       |     1 |       ||     1
Armor: Leather armour    |    50 |       |       ||    50
       Ring mail         |    32 |    25 |       ||    57
       Chain mail        |       |    62 |       ||    62
Dodge: Dodged            |    74 |    52 |       ||   126
